 Dungeon Crawl Stone Soup version 0.23-a0-516-g0f8c245 (webtiles) character file.

81 theanonym the Vexing (level 4, 0/34 HPs)
             Began as a Mummy Enchanter on Dec 5, 2018.
             Slain by a gnoll
             ... wielding a +0 flail
              (7 damage)
             ... on level 2 of the Dungeon.
             The game lasted 00:04:23 (3478 turns).

theanonym the Vexing (Mummy Enchanter)              Turns: 3478, Time: 00:04:24

Health: 0/34       AC: 12    Str: 12    XL:     4   Next: 19%
Magic:  8/8        EV:  2    Int: 14    God:
Gold:   152        SH:  3    Dex: 12    Spells: 7/8 levels left

rFire    x . .     SeeInvis +   b - +0 hunting sling (flame)
rCold    + . .     Gourm    .   i - +0 buckler
rNeg     + + +     Faith    .   e - +0 plate armour
rPois    ∞         Spirit   .   c - +0 helmet
rElec    .         Reflect  .   (no cloak)
rCorr    .         Harm     .   (no gloves)
MR       .....                  k - +0 pair of boots
Stlth    ..........             (no amulet)
HPRegen  0.11/turn              (no ring)
MPRegen  0.11/turn              j - ring of see invisible

@: no status effects
A: no food or potions, fire vulnerability, cold resistance 1, negative energy
resistance 3, torment resistance, unbreathing
a: no special abilities


Innate Abilities, Weirdness & Mutations

You do not eat or drink.
Your flesh is vulnerable to fire.
You are immune to poison.
Your flesh is cold resistant. (rC+)
You are immune to negative energy. (rN+++)
You are immune to unholy pain and torment.
You can survive without breathing.


   Skills:
 + Level 2.4 Fighting
 + Level 2.1 Short Blades
 - Level 1.5 Dodging
 - Level 2.4 Stealth
 + Level 1.0 Shields
 - Level 2.6 Spellcasting
 - Level 2.6 Hexes


You had 7 spell levels left.
You knew the following spells:

 Your Spells              Type           Power        Failure   Level  Hunger
a - Corona                Hex            #......      100%        1    N/A

Your spell library contained the following spells:

 Spells                   Type           Power        Failure   Level  Hunger
 Ensorcelled Hibernation  Hex/Ice        #.....       100%        2    N/A
 Confuse                  Hex            #.......     100%        3    N/A
 Dazzling Spray           Conj/Hex       #.....       100%        3    N/A
 Tukima's Dance           Hex            #.......     100%        3    N/A

Skill      XL: |  1  2  3  4 |
---------------+-------------+-----
Short Blades   | 1 2 |  2.1
Fighting       | 1 2 |  2.4
Shields        | 1 |  1.0
Dodging        | |  1.5
Stealth        | |  2.4
Spellcasting   | |  2.6
Hexes          | |  2.6

Action                   |  1- 3 |  4- 6 || total
-------------------------+-------+-------++-------
Melee: Dagger            |   236 |    12 ||   248
       Short sword       |   132 |       ||   132
 Fire: Hunting sling     |     1 |     4 ||     5
Throw: Javelin           |     1 |       ||     1
  Use: Scroll            |     6 |       ||     6
Armor: Plate armour      |   392 |    10 ||   402
       Robe              |     1 |       ||     1
Dodge: Dodged            |    34 |       ||    34
Block: Buckler           |    35 |     3 ||    38

Inventory:

Hand Weapons
 a - a +1 dagger
 b - a +0 hunting sling of flaming (weapon)
   (You found it on level 2 of the Dungeon)
Missiles
 d - 20 bolts
 f - 9 arrows
 h - 5 javelins
 l - 14 sling bullets (quivered)
Armour
 c - a +0 helmet (worn)
   (You found it on level 1 of the Dungeon)
 e - a +0 plate armour (worn)
   (You found it on level 1 of the Dungeon)
 g - a +2 leather armour of cold resistance
   (You found it on level 2 of the Dungeon)
 i - a +0 buckler (worn)
   (You found it on level 1 of the Dungeon)
 k - a +0 pair of boots (worn)
   (You found it on level 2 of the Dungeon)
Jewellery
 j - a ring of see invisible (right hand)
   (You found it on level 2 of the Dungeon)
Scrolls
 n - a scroll of remove curse
 r - 2 scrolls of identify
 y - a scroll of magic mapping


You were on level 2 of the Dungeon.
You were not hungry.

You visited 1 branch of the dungeon, and saw 3 of its levels.

You collected 152 gold pieces.

Dungeon Overview and Level Annotations

Branches:
Dungeon (3/15)

Altars:

##################
#.................
#.###########.....
###.### ####'####
#...g.######......##
#.#@.......+........
#.#.#.######.......#
#.#.#....#.........#
#####.#..........#####.#
#.....#..........#..[...
#.....#..........#.###..
#.....#.####'#.#...#.###
#.....#.####.#.#####....
#.....#.#....#.# #....


You could see a gnoll.

Notes
Turn   | Place    | Note
-------+----------+-------------------------------------------
     0 | D:1      | theanonym the Mummy Enchanter began the quest for the Orb.
     0 | D:1      | Reached XP level 1. HP: 13/13 MP: 4/4
    31 | D:1      | Reached skill level 1 in Short Blades
   140 | D:1      | Reached skill level 1 in Fighting
   144 | D:1      | Reached XP level 2. HP: 11/21 MP: 5/5
   592 | D:1      | HP: 7/21 [leopard gecko (4)]
  1013 | D:1      | Reached XP level 3. HP: 25/27 MP: 7/7
  1275 | D:2      | HP: 10/27 [worm (7)]
  1499 | D:2      | HP: 13/27 [worm (6)]
  1765 | D:2      | Reached skill level 2 in Fighting
  1792 | D:2      | HP: 10/27 [worm (8)]
  2027 | D:2      | Reached skill level 2 in Short Blades
  2168 | D:2      | HP: 12/27 [worm (4)]
  2173 | D:2      | HP: 9/27 [worm (4)]
  2178 | D:2      | HP: 8/27 [bat (1)]
  2524 | D:1      | HP: 11/27 [worm (6)]
  2719 | D:2      | HP: 13/27 [worm (2)]
  3413 | D:3      | Reached XP level 4. HP: 32/33 MP: 8/8
  3450 | D:3      | HP: 16/33 [gnoll/+0 halberd (2)]
  3468 | D:3      | Reached skill level 1 in Shields
  3473 | D:3      | HP: 15/34 [gnoll/+0 flail (3)]
  3477 | D:2      | HP: 6/34 [gnoll/+0 flail (4)]
  3478 | D:2      | Slain by a gnoll

Vanquished Creatures
  A gnoll (D:3)
  An ooze (D:1)
  3 worms
  2 dart slugs
  A leopard gecko (D:1)
  An orc (D:2)
  A ball python (D:1)
  A giant cockroach (D:2)
  9 goblins
  6 hobgoblins
  5 kobolds
  A quokka (D:2)
  12 bats
  4 frilled lizards
  3 rats
51 creatures vanquished.

Table legend:
 A = Turns spent in this place as a percentage of turns spent in the entire game.
 B = Non-inter-level travel turns spent in this place as a percentage of non-inter-level travel turns spent in the entire game.
 C = Inter-level travel turns spent in this place as a percentage of turns spent in this place.
 D = Turns resting spent in this place as a percentage of non-inter-level travel turns spent in this place.
 E = Turns spent auto-exploring this place as a percentage of non-inter-level travel turns spent in this place.
 F = Non-inter-level travel turns spent in this place divided by the number of levels of this place that you've seen.
                   A       B       C       D       E      F
               +-------+-------+-------+-------+-------+----------------------
         Total | 100.0 | 100.0 |   7.8 |  48.1 |  28.9 | 1069.0
       Dungeon | 100.0 | 100.0 |   7.8 |  48.1 |  28.9 | 1069.0
               +-------+-------+-------+-------+-------+----------------------
